 Dungeon Crawl Stone Soup version 0.28-a0-863-g8cecda6153 (webtiles) character file.

Game seed: 12052426277483423815

10 octoduck the Charlatan (level 2, 0/22 HPs)
             Began as a Demonspawn Artificer on Nov 20, 2021.
             Slain by a jackal (2 damage)
             ... on level 1 of the Dungeon.
             The game lasted 00:02:03 (728 turns).

octoduck the Charlatan (Demonspawn Artificer)        Turns: 728, Time: 00:02:04

Health: 0/22       AC:  3    Str: 12    XL:     2   Next: 10%
Magic:  2/2        EV: 11    Int: 12    God:
Gold:   0          SH:  0    Dex: 13    Spells: 1/1 levels left

rFire   . . .      SeeInvis .   a - +0 club
rCold   . . .      Faith    .   (no shield)
rNeg    . . .      Spirit   .   b - +0 leather armour
rPois   .          Reflect  .   f - +0 hat
rElec   .          Harm     .   (no cloak)
rCorr   .          Rampage  .   (no gloves)
Will    .....                   (no boots)
Stlth   +.........              (no amulet)
HPRegen 0.07/turn               (no ring)
MPRegen 0.08/turn               (no ring)

@: no status effects
A: demonic guardian 1
a: no special abilities


You were on level 1 of the Dungeon.
You visited 1 branch of the dungeon, and saw 1 of its levels.

Inventory:

Hand Weapons
 a - a +0 club (weapon)
Armour
 b - a +0 leather armour (worn)
 f - a +0 hat (worn)
Wands
 c - a wand of flame (13) (quivered)
 d - a wand of charming (14)
Miscellaneous
 e - a piece from Xom's chessboard (15/15)


   Skills:
 + Level 1.6 Fighting
 - Level 1.7 Armour
 - Level 0.8 Dodging
 - Level 0.8 Stealth
 + Level 3.3 Evocations


You had one spell level left.
You didn't know any spells.
Your spell library was empty.

Dungeon Overview and Level Annotations

Branches:
Dungeon (1/15)

Altars:


Innate Abilities, Weirdness & Mutations

A weak demonic guardian rushes to your aid.


Message History

You hit the jackal but do no damage.
The jackal is moderately wounded.
The jackal bites you but does no damage.
The jackal barely misses you.
You hit the jackal but do no damage.
The jackal is moderately wounded.
The jackal bites you but does no damage.
The jackal closely misses you.
You closely miss the jackal.
The jackal is moderately wounded.
The jackal barely misses you. The jackal bites you.
Your leather armour prevents you from hitting the jackal.
The jackal is moderately wounded.
The jackal bites you.
You closely miss the jackal.
The jackal is moderately wounded.
The jackal bites you.
The jackal bites you but does no damage.
You closely miss the jackal.
The jackal is moderately wounded.
The jackal misses you. The jackal closely misses you.
You closely miss the jackal.
The jackal is moderately wounded.
The jackal bites you. x2
* * * LOW HITPOINT WARNING * * *
You barely miss the jackal.
The jackal is moderately wounded.
The jackal bites you.
* * * LOW HITPOINT WARNING * * *
The jackal closely misses you.
The jackal bites you but does no damage.
You see here a jackal corpse.
The jackal bites you.
* * * LOW HITPOINT WARNING * * *
A demonic guardian appears!
Aiming: Charm
Press: ? - help, Shift-Dir - straight line, f - jackal
Aim: a jackal (moderately wounded, ally target, chance to affect: 72%)
The jackal struggles to resist.
The jackal bites you.
You die...

#...#. ..... #...
#..# #..# #####..# #
.
#######......#.#....
#.^.##...##..........
#.#.@hh#.h).#........
#...##...###.###..##.
## ##5####.## ## ....
.####### #.# #.# ##.
...##..#######.####.#
.
''####.†....)....##.#
#.###
..#≈8#.#######.#.##.#
#.... ♣.#≈.#.#
#.#.##.# #####
..#≈.#.# #.#.##.#
#########.


You could see 2 jackals and a friendly quasit (summoned).

Vanquished Creatures
  A bat (D:1)
  A goblin (D:1)
  A jackal (D:1)
  A kobold (D:1)
  A quokka (D:1)
  3 ball pythons (D:1)
  A frilled lizard (D:1)
9 creatures vanquished.

Notes
Turn   | Place    | Note
-------+----------+-------------------------------------------
     0 | D:1      | octoduck the Demonspawn Artificer began the quest for the
                  | Orb.
     0 | D:1      | Reached XP level 1. HP: 15/15 MP: 1/1
   651 | D:1      | Gained mutation: A weak demonic guardian rushes to your
                  | aid. [demonic ancestry]
   651 | D:1      | Reached XP level 2. HP: 18/21 MP: 2/2
   728 | D:1      | Slain by a jackal

Illustrated notes

Levels and vault maps discovered:
D:1:      sevenhm_arrival_forest_fort_small_3, layout_loops_ring, hex_medium

Action                   || total
-------------------------++-------
Melee: Club              ||    53
Evoke: Wand              ||     3
 Stab: Sleeping          ||     1
Armor: Leather armour    ||    19
Dodge: Dodged            ||    49

Table legend: (Time is in decaauts)
 A = Elapsed time spent in this place.
 B = Non-inter-level travel time spent in this place.
 C = Inter-level travel time spent in this place.
 D = Time resting spent in this place.
 E = Time spent auto-exploring this place.
 F = Levels seen in this place.
 G = Mean time per level.
                   A        B        C        D        E       F      G
               +--------+--------+--------+--------+--------+-----+--------+
         Total |    743 |    707 |     36 |    391 |    142 |   1 |  743.0 |
       Dungeon |    743 |    707 |     36 |    391 |    142 |   1 |  743.0 |
               +--------+--------+--------+--------+--------+-----+--------+

Top non-repeatable levels by time:
     D:1: 743 daAuts
